 Dungeon Crawl Stone Soup version 0.31.0-9-g3a7656b989 (webtiles) character file.

Game seed: 1774104451872407668

63 hito the Digger (level 4, -2/34 HPs)
             Began as a Formicid Wanderer on Jan 25, 2024.
             Slain by a hobgoblin (3 damage)
             ... led by Robin
             ... on level 2 of the Dungeon.
             The game lasted 00:05:10 (1222 turns).

hito the Digger (Formicid Wanderer)                 Turns: 1222, Time: 00:05:10

Health: -2/34      AC:  4    Str: 17    XL:     4   Next: 30%
Magic:  1/7        EV: 11    Int: 11    God:
Gold:   49         SH:  0    Dex: 15    Spells: 6/7 levels left

rFire   . . .        a - +0 club
rCold   . . .        (no shield)
rNeg    . . .        d - +0 leather armour
rPois   .            (helmet unavailable)
rElec   .            (no cloak)
rCorr   .            b - +0 pair of gloves
SInv    +            (no boots)
Will    .....        (no amulet)
Stlth   ++           (no ring)
HPRegen 0.25/turn    (no ring)
MPRegen 0.10/turn

%: no passive effects
@: mighty
A: permanent stasis, dig shafts and tunnels, antennae 3, four strong arms
a: Dig, Shaft Self


You were on level 2 of the Dungeon.
You visited 1 branch of the dungeon, and saw 2 of its levels.

You collected 49 gold pieces.

Inventory:

Hand Weapons
 a - a +0 club (weapon)
 f - a +0 dagger
Armour
 b - a +0 pair of gloves (worn)
 d - a +0 leather armour (worn)
Scrolls
 g - a scroll of teleportation {unknown}
 i - 2 scrolls of enchant armour {unknown}
 j - a scroll of identify {unknown}
 k - a scroll of immolation
Potions
 e - a potion of lignification
 h - a potion of brilliance {unknown}


   Skills:
 + Level 2.6 Fighting
 + Level 3.6 Armour
 - Level 3.6 Stealth
 - Level 2.1 Spellcasting
 - Level 3.6 Earth Magic


You had 6 spell levels left.
You knew the following spells:

 Your Spells              Type           Power      Damage    Failure   Level
a - Sandblast             Erth           18%        2d7       8%          1

Your spell library contained the following spells:

 Spells                   Type           Power      Damage    Failure   Level
 Passwall                 Erth           9%         N/A       22%         3
 Call Canine Familiar     Summ           1%         N/A       71%         3
 Dazzling Flash           Conj/Hex       2%         N/A       71%         3
 Mephitic Cloud           Conj/Alch/Air  1%         N/A       71%         3
 Sigil of Binding         Hex            1%         N/A       71%         3
 Animate Armour           Summ/Erth      10%        N/A       85%         4
 Dimensional Bullseye     Hex/Tloc       0%         N/A       98%         4
 Curse of Agony           Necr           1%         N/A       100%        5
 Silence                  Hex/Air        0%         N/A       100%        5


Dungeon Overview and Level Annotations

Branches:
Dungeon (2/15)

Altars:

Annotations:
D:2 Robin


Innate Abilities, Weirdness & Mutations

You cannot be hasted, slowed, berserked, paralysed or teleported.
You can dig through walls and to a lower floor.
You have a pair of large antennae on your head. (SInv)
Your four strong arms can wield two-handed weapons with a shield.


Message History

The ball python grabs you. The ball python constricts you.
Robin hits you from afar with a +0 spear.
The goblin shoots a sling bullet.
The sling bullet hits you. The ball python closely misses you.
The ball python constricts you.
You escape the ball python's grasp.
Robin throws the goblin at you! The goblin hits you with a +0 dagger.
The goblin hits you with a +0 club.
* * * LOW HITPOINT WARNING * * *
The hobgoblin no longer looks unusually strong.
The goblin attacks as it pursues you! The goblin closely misses you. x2
The goblin barely misses you.
The goblin no longer looks unusually strong.
Robin throws the goblin at you!
The goblin unwields a +0 sling.
The goblin wields a +0 dagger.
The goblin hits you but does no damage.
You hit the goblin.
You kill the goblin!
The hobgoblin no longer looks unusually strong.
The goblin hits you with a +0 club.
* * * LOW HITPOINT WARNING * * *
The goblin barely misses you.
The goblin no longer looks unusually strong. x2
Robin roars a battlecry!
The goblins go into a battle-frenzy!
The hobgoblin attacks as it pursues you!
The hobgoblin misses you.
Things that are here:
a +0 dagger; a +0 sling; a goblin corpse The goblin attacks as it pursues you!
The goblin hits you with a +0 club.
* * * LOW HITPOINT WARNING * * *
The goblin no longer looks unusually strong.
The hobgoblin attacks as it pursues you!
The hobgoblin closely misses you.
Casting: Sandblast (safe; 8% risk of failure)
Confirm with . or Enter, or press ? or * to list all spells.
Aiming: Sandblast (safe; 8% risk of failure)
Press: ? - help, Shift-Dir - straight line, f - hobgoblin
Aim: a hobgoblin (strong, 81% to hit)
The blast of sand hits the hobgoblin.
The hobgoblin is almost dead.
The hobgoblin hits you.
You die...

####
#....###########
.......ggg@....# #
#..###.g##....#
##.#.#.#gg#..#.#.#
#.........{g.....#
, #...#.#{....#..#
#..)..g{{....#.#
##[##..._..#.+.#
####..#.†#..#..#.##
,.gg..#.......#...#


You could see 2 hobgoblins and 4 goblins.

Vanquished Creatures
  2 adders
  A ribbon worm (D:2)
  A dart slug (D:1)
  An orc (D:2)
  A ball python (D:2)
  7 goblins
  8 hobgoblins
  3 kobolds
  4 quokkas
  3 bats (D:2)
  4 frilled lizards
  2 rats
37 creatures vanquished.

Notes
Turn   | Place    | Note
-------+----------+-------------------------------------------
     0 | D:1      | hito the Formicid Wanderer began the quest for the Orb.
     0 | D:1      | hito set off with the following items: a +0 club, a +0 pair
                  | of gloves, a potion of might, a +0 leather armour, a potion
                  | of lignification; and the following spell memorised:
                  | Sandblast; and the following spells available to memorise:
                  | Passwall, Animate Armour.
     0 | D:1      | Reached XP level 1. HP: 13/13 MP: 3/3
   104 | D:1      | Reached skill level 1 in Fighting
   104 | D:1      | Reached XP level 2. HP: 21/21 MP: 1/5
   613 | D:1      | Reached XP level 3. HP: 27/27 MP: 2/6
  1053 | D:2      | Reached XP level 4. HP: 31/34 MP: 5/7
  1119 | D:2      | Found a faded altar of an unknown god.
  1199 | D:2      | Noticed Robin
  1220 | D:2      | HP: 1/34 [goblin/+0 club[Robin] (6)]
  1222 | D:2      | Slain by a hobgoblin

Illustrated notes

Levels and vault maps discovered:
D:1:      matt_arrival_refuge, layout_rooms, hangedman_decor_peaks_small
D:2:      layout_loops_ring, hellmonk_ecumenical_altar_blasted,
          minmay_circled_x, uniq_robin, uniq_jessica

Skill      XL: |  1  2  3 |
---------------+----------+-----
Fighting       | 1 2 |  2.6
Armour         | 3 |  3.6
Stealth        | |  3.6
Spellcasting   | |  2.1
Earth Magic    | |  3.6

Action                     |  1- 3 |  4- 6 || total
---------------------------+-------+-------++-------
  Melee: Club              |    45 |     7 ||    52
         Punch             |     2 |       ||     2
   Cast: Sandblast         |    46 |    15 ||    61
    Use: Potion            |       |     1 ||     1
 Armour: Leather armour    |    51 |    37 ||    88
  Dodge: Dodged            |    52 |    30 ||    82
